[Event "*** Qualifier 1: Titled Tuesday 3|2 Blitz"]
[Site "Chess.com"]
[Date "2017.04.04"]
[Round "1"]
[White "Bengalas"]
[Black "Zhani-Z"]
[Result "1/2-1/2"]
[WhiteElo "2118"]
[BlackElo "2384"]
[TimeControl "180+2"]
[EndTime "13:09:39 PDT"]
[Termination "Game drawn by stalemate"]

1. d4 e6 2. c4 Bb4+ 3. Bd2 Bxd2+ 4.
Qxd2 f5 5. Nc3 Nf6 6. g3 O-O 7. Bg2 d6 8. Nf3 Qe7 9. O-O c6 10. Rfe1 d5 11. b3 Nbd7 12. Rad1 Ne4 13. Qc2 Nd6 14. Ne5 Nxe5 15. dxe5 Nf7 16. f4 dxc4 17. e4 g6 18. exf5 gxf5 19. Na4 cxb3 20. axb3 Rb8 21. Qf2 Ra8 22. Rd3 Rd8 23. Red1 Rxd3 24.
Rxd3 Bd7 25. Nc5 Be8 26. Na4 b6 27. Nb2 Rd8 28. Rc3 c5 29. h3 Qd7 30. Nc4 Qd4 31.
Qxd4 Rxd4 32. Kf2 Bb5 33. Bf3 Kf8 34. Ke3 Ke7 35. Nd2 Nd8 36. g4 Nc6 37. gxf5 exf5 38. Nc4 Bxc4 39. Bxc6 Be6 40. Bf3 Rb4 41. Bd1 a5 42.
Bc2 c4 43. bxc4 Kd7 44. Kd4 Kc6 45. Bd1 b5 46. Bf3+ Kb6 47. Bd5 Bxd5 48. Kxd5 bxc4 49. e6 Kc7 50. Ke5 Kd8 51. Kxf5 Ke7 52. Ke5 Rb5+ 53.
Ke4 Kxe6 54. f5+ Kf6 55. Rxc4 Rb4 56. Rxb4 axb4 57. Kd4 Kxf5 58. Kc4 Kf4 59. Kxb4 Kg3 60. Kc4 Kxh3 61. Kd4 h5 62. Ke4 h4 63. Kf3 Kh2 64. Kf2 h3 65. Kf1 Kh1 66. Kf2 h2 67. Kf1 1/2-1/2

[Event "*** Qualifier 1: Titled Tuesday 3|2 Blitz"]
[Site "Chess.com"]
[Date "2017.04.04"]
[Round "1"]
[White "IMRosen"]
[Black "Storne89"]
[Result "0-1"]
[WhiteElo "2233"]
[BlackElo "2564"]
[TimeControl "180+2"]
[EndTime "13:09:45 PDT"]
[Termination "Storne89 won by checkmate"]

1. d4 Nf6 2. Bf4 e6 3. e3 c5 4.
Nf3 Nc6 5. Nc3 a6 6. d5 Ne7 7. e4 Ng6 8. Bg3 exd5 9. exd5 d6 10. a4 Be7 11. Be2 O-O 12. Nd2 Bf5 13. O-O Nd7 14. Nc4 Nde5 15. Ne3 Bc8 16. f4 Nd7 17. a5 f5 18. Nc4 Nf6 19. Nb6 Rb8 20. Bf3 Nd7 21.
Nc4 Nf6 22. Qd3 Rf7 23. Rfe1 Bf8 24. Re2 h5 25. Qd2 h4 26. Bf2 Ng4 27. Be1 Bd7 28.
h3 Nf6 29. Bf2 Bb5 30. b3 Bxc4 31. bxc4 b6 32. axb6 Qxb6 33. Re6 Qb4 34. Rxa6 Qxc4 35. Ra4 Rb4 36. Be2 Qxf4 37. Be3 Qg3 38. Bf2 Qf4 39.
Be3 Qg3 40. Bf2 Qf4 41. Be3 Qg3 42. Rxb4 cxb4 43. Nb5 Ne4 44. Qc1 Ne5 45. Bh5 g6 46. Rxe5 dxe5 47. Bf3 Ng5 48. Bxg5 Bc5+ 49. Kh1 f4 50. d6 Qxg5 51. Bd5 f3 52. Bxf7+ Kxf7 53. gxf3 Qxc1+ 54. Kg2 Qg1# 0-1

[Event "*** Qualifier 1: Titled Tuesday 3|2 Blitz"]
[Site "Chess.com"]
[Date "2017.04.04"]
[Round "1"]
[White "PowerThinking2650"]
[Black "Iball95"]
[Result "0-1"]
[WhiteElo "2161"]
[BlackElo "2480"]
[TimeControl "180+2"]
[EndTime "13:09:47 PDT"]
[Termination "Iball95 won by resignation"]

1. e4 c6 2. d4 d5 3. Nc3 dxe4 4.
Nxe4 Bf5 5. Ng3 Bg6 6. Nf3 Nd7 7. h4 h6 8. h5 Bh7 9. Bd3 Bxd3 10. Qxd3 e6 11. Bd2 Ngf6 12. O-O-O Be7 13. Qe2 O-O 14. Ne5 a5 15. Ne4 Nxe4 16. Qxe4 Nxe5 17. dxe5 Qd5 18. Qxd5 cxd5 19. a4 b5 20. axb5 Rfb8 21. f4 Rxb5 22. g4 a4 23. Bc3 Rc8 24. Rd4 a3 25. Ra4 axb2+ 26. Bxb2 Rbc5 27. Rh2 Rc4 28. Rxc4 Rxc4 29. Rf2 Rxf4 30. Rxf4 Bg5 31. Kd2 Bxf4+ 32. Kd3 Kf8 33. c4 Ke7 34. Kd4 dxc4 35. Kxc4 Kd7 36. Kd4 Kc6 37. Ke4 Bg5 38. Ba3 Kb5 39. Bf8 g6 40. hxg6 fxg6 41. Kd4 Bc1 42. Bg7 Bd2 43. Ke4 Kc4 44.
Bf8 Bg5 45. Bg7 Kc3 46. Bf6 Bd2 47. Bd8 Kc2 48. Kd4 Bf4 49. Bf6 Kd2 50. Ke4 Be3 51. Bh4 Ke2 52. Bg3 Bg5 53. Bh2 Kf2 54. Bf4 Bxf4 55.
Kxf4 g5+ 56. Ke4 Kg3 57. Kd4 Kxg4 58. Kc5 Kf5 59. Kd6 g4 0-1

[Event "*** Qualifier 1: Titled Tuesday 3|2 Blitz"]
[Site "Chess.com"]
[Date "2017.04.04"]
[Round "1"]
[White "MITerryble"]
[Black "PelinGorki"]
[Result "1-0"]
[WhiteElo "2746"]
[BlackElo "2361"]
[TimeControl "180+2"]
[EndTime "13:09:50 PDT"]
[Termination "MITerryble won by resignation"]

1. d4 Nf6 2. Nf3 e6 3. c4 b6 4. g3 Ba6 5. Qa4 Bb7 6. Bg2 Be7 7.
O-O O-O 8. Nc3 d6 9. Qc2 Nbd7 10. e4 e5 11. Rd1 Qc8 12. h3 Re8 13. b3 Bf8 14. Bb2 a6 15. Rac1 g6 16. Nd5 Bh6 17. Rb1 Bg7 18. dxe5 dxe5 19. Rd2 Nc5 20. Re1 Nfd7 21.
Red1 a5 22. a3 Bc6 23. Re1 Ne6 24. b4 axb4 25. axb4 Bb7 26. Qd1 Nef8 27. Kh2 c6 28. Ne3 Qc7 29. Qb3 Rad8 30. Red1 Ne6 31. h4 h5 32. Bh3 Ndf8 33. Rxd8 Rxd8 34. Rxd8 Nxd8 35.
c5 bxc5 36. bxc5 Ba6 37. Nc4 Nfe6 38. Qb4 Bxc4 39. Qxc4 Kf8 40. Kg2 Ke7 41. Qc3 f6 42.
Nd2 Qb7 43. Nc4 Qa6 44. Nd6 Qe2 45. Bc1 Qd1 46. Be3 Qa4 47. Qb2 Qa7 48. Nc8+ 1-0

[Event "*** Qualifier 1: Titled Tuesday 3|2 Blitz"]
[Site "Chess.com"]
[Date "2017.04.04"]
[Round "1"]
[White "Superfelix"]
[Black "Duhless"]
[Result "0-1"]
[WhiteElo "2347"]
[BlackElo "2727"]
[TimeControl "180+2"]
[EndTime "13:09:56 PDT"]
[Termination "Duhless won by resignation"]

1. e4 c5 2. Nf3 d6 3. d4 cxd4 4.
Nxd4 Nf6 5. f3 Nc6 6. c4 Qb6 7. Nc2 g6 8. Nc3 Nb4 9. Nxb4 Qxb4 10. Qa4+ Qxa4 11. Nxa4 Bg7 12. Nc3 O-O 13. Be3 Be6 14.
Nd5 Nxd5 15. cxd5 Bd7 16. O-O-O e6 17. dxe6 Bxe6 18. Kb1 Rfd8 19. Bg5 f6 20. Bf4 d5 21. exd5 Rxd5 22. Rxd5 Bxd5 23. Bb5 a6 24. Ba4 b5 25. Bb3 Bxb3 26. axb3 Re8 27. Rd1 f5 28. Kc2 Re2+ 29. Rd2 Rxd2+ 30. Bxd2 Be5 31. h3 Kf7 32.
Bc3 Bc7 33. Kd3 Ke6 34. b4 Kd5 35. b3 Bd6 36. Bd2 Be5 37. Be1 Bd4 38. Bg3 Bf6 39. Be1 Be7 40. Bd2 Ke5 41. g3 h5 42. f4+ Kd5 43.
h4 Bf6 44. Be1 Bd4 45. Kd2 Ke4 46. Ke2 Bf6 47. Bd2 Be7 48. Be1 Bf6 49. Bd2 Bb2 50.
Be1 Kd4 51. Bd2 Bc3 52. Be3+ Kd5 53. Bc5 a5 54. Kd3 Be1 55. Bg1 Bxb4 56. Bf2 a4 57.
bxa4 bxa4 58. Be3 Be1 59. Bf2 Bxf2 0-1

[Event "*** Qualifier 1: Titled Tuesday 3|2 Blitz"]
[Site "Chess.com"]
[Date "2017.04.04"]
[Round "1"]
[White "kleinebeer98"]
[Black "BjarkeSahl"]
[Result "1-0"]
[WhiteElo "2471"]
[BlackElo "2162"]
[TimeControl "180+2"]
[EndTime "13:10:03 PDT"]
[Termination "kleinebeer98 won by resignation"]

1. e4 c5 2. Nf3 e6 3. b3 Nf6 4. e5 Nd5 5. c4 Nb4 6. Bb2 Be7 7. d4 cxd4 8. Nxd4 O-O 9. Be2 a5 10.
O-O N8a6 11. Kh1 b6 12. f4 Nc6 13. Bf3 Bb7 14. Nb5 f5 15. Nd6 Bxd6 16. exd6 Nc5 17.
Nc3 Nb4 18. Bxb7 Nxb7 19. Nb5 Nc5 20. g4 Qc8 21. Qf3 Qc6 22. g5 Ncd3 23. Bd4 Nc2 24.
Rad1 Qxf3+ 25. Rxf3 Nxd4 26. Nxd4 Nc5 27. a4 Ne4 28. Nb5 Rac8 29. Kg2 Rc6 30. Rfd3 Kf7 31. h4 Kg6 32. Kf3 Kh5 33. Rd4 Nc5 34. Rb1 Rb8 35. Ke3 Rb7 36. Kf3 Rb8 37. Rd2 Re8 38. Rg2 e5 39. g6 hxg6 40. Rbg1 e4+ 41. Ke3 Re6 42. Nd4 Rcxd6 43. Rg5+ Kh6 44. h5 Rxd4 45. Kxd4 gxh5 46. Rxg7 e3 47. Rg8 Kh7 48. R1g7+ Kh6 49. Rg3 Kh7 50. R8g5 e2 51. Rxh5+ Rh6 52. Rxh6+ Kxh6 53.
Re3 Nxb3+ 54. Kd5 Nc5 55. Rxe2 Nxa4 56. Ke5 Nc5 57. Kxf5 a4 58. Rb2 Kg7 59. Rxb6 Kf7 60. Rb5 Nb3 61. Rb7 Ke7 62. Ra7 Nd4+ 63. Ke4 Ne6 64.
f5 Nc5+ 65. Kd5 Nb3 66. Rxa4 Nd2 1-0

[Event "*** Qualifier 1: Titled Tuesday 3|2 Blitz"]
[Site "Chess.com"]
[Date "2017.04.04"]
[Round "1"]
[White "ecwinslow"]
[Black "Robin-Side"]
[Result "1-0"]
[WhiteElo "2080"]
[BlackElo "2391"]
[TimeControl "180+2"]
[EndTime "13:10:05 PDT"]
[Termination "ecwinslow won on time"]

1. d4 Nf6 2. c4 e6 3. Nc3 Bb4 4. Nf3 Ne4 5. Qd3 f5 6. g3 O-O 7. Bg2 d6 8. O-O Bxc3 9. bxc3 Nd7 10.
Nd2 Nxd2 11. Bxd2 Nf6 12. Bg5 h6 13. Bc1 Rb8 14. a4 Bd7 15. a5 Qe8 16. Rb1 c6 17.
c5 d5 18. f3 a6 19. Bf4 Nh5 20.
Bxb8 Qxb8 21. e4 Qc7 22. Rb6 Bc8 23. c4 Nf6 24. cxd5 fxe4 25. fxe4 exd5 26. exd5 Nxd5 27. Rxf8+ Kxf8 28. Bxd5 cxd5 29. Qf3+ Kg8 30. Qxd5+ Kh8 31. Rd6 Bh3 32. Rd8+ Kh7 33. Qe4+ g6 34. Qe8 Qg7 35. c6 bxc6 36. Qxc6 Qf7 37. Qc1 Qb7 38. Rh8+ Kxh8 39. Qxh6+ Kg8 40. Qxh3 Qb1+ 41. Qf1 Qe4 42. Qd1 Qd5 43.
Qd3 Kg7 44. Qe3 Kh7 45. Qe7+ Kh6 46. Qe5 Qc4 47. Qh8+ Kg5 48. Qh4+ Kf5 49. Qf4+ Ke6 50. Qe5+ Kf7 51. h4 Qc1+ 52. Kg2 Qd2+ 53. Kh3 Qd1 54. Qf4+ Kg7 55. Qe5+ Kf7 56. Qe4 Kg7 57. d5 Qf1+ 58.
Kg4 Qd1+ 59. Kf4 Qd2+ 60. Ke5 Qxa5 61. Ke6 Qa2 62. Qe5+ Kh7 63. Ke7 a5 64. d6 a4 65.
d7 1-0

[Event "*** Qualifier 1: Titled Tuesday 3|2 Blitz"]
[Site "Chess.com"]
[Date "2017.04.04"]
[Round "1"]
[White "FelixBlohberger"]
[Black "A-Fier"]
[Result "1-0"]
[WhiteElo "2220"]
[BlackElo "2481"]
[TimeControl "180+2"]
[EndTime "13:10:17 PDT"]
[Termination "FelixBlohberger won by resignation"]

1. d4 Nf6 2. Nf3 g6 3. c4 Bg7 4.
Nc3 d5 5. cxd5 Nxd5 6. e4 Nxc3 7. bxc3 c5 8. Be3 Qa5 9. Qd2 O-O 10. Rb1 Rd8 11.
Rb5 Qa3 12. Rb3 Qa5 13. Rb5 Qc7 14. d5 b6 15. Bf4 Qd7 16. c4 Ba6 17. Rb3 Qa4 18.
Qc2 e6 19. Bd3 exd5 20. exd5 Re8+ 21. Kf1 Nd7 22. g3 Nf6 23. Be5 Rac8 24. Kg2 b5 25.
cxb5 Bb7 26. Bxf6 Bxf6 27. Bc4 Re4 28. Qxe4 Qxa2 29. Qf4 Kg7 30. g4 Qc2 31. g5 Bd4 32. Nxd4 cxd4 33. Rf3 Rf8 34. Qf6+ Kg8 35. Bd3 Qc5 36.
Be4 d3 37. Rd1 Qc4 38. Qf4 Qxb5 39. Rdxd3 Qb4 40. Rde3 a5 41. d6 Bc8 42. Bd5 Qb2 43. Bxf7+ Kg7 44. Qf6+ Qxf6 45. Rxf6 Rxf7 46. Re7 Rxe7 47.
dxe7 Bd7 48. Rf8 Bc6+ 1-0

[Event "*** Qualifier 1: Titled Tuesday 3|2 Blitz"]
[Site "Chess.com"]
[Date "2017.04.04"]
[Round "1"]
[White "Zlatan56"]
[Black "ZivkovicN"]
[Result "1-0"]
[WhiteElo "2644"]
[BlackElo "2323"]
[TimeControl "180+2"]
[EndTime "13:10:20 PDT"]
[Termination "Zlatan56 won by resignation"]

1. Nf3 Nf6 2. g3 e6 3. Bg2 d5 4.
O-O Be7 5. d3 b6 6. e4 dxe4 7.
Ng5 Bb7 8. Nc3 Qc8 9. dxe4 O-O 10. e5 Nfd7 11. Nf3 Rd8 12. Qe2 a5 13. Bg5 Bxg5 14.
Nxg5 h6 15. Bxb7 Qxb7 16. Nf3 Nc5 17. Rad1 Nc6 18. a3 Ne7 19. Nd4 Nd5 20. Ndb5 Nxc3 21. Nxc3 Qc6 22. Rxd8+ Rxd8 23. Rd1 Rxd1+ 24. Qxd1 Nd7 25.
Qd4 Nc5 26. h4 h5 27. b4 axb4 28. axb4 Nd7 29. b5 Qc5 30. Qxd7 Qxc3 31. Qe8+ Kh7 32. Qxf7 Qe1+ 33. Kg2 Qxe5 34. c4 Qe4+ 35. Qf3 Qxc4 36. Qxh5+ Kg8 37. Qe5 Kf7 38. Qh5+ Ke7 39. Qg5+ Kf7 40.
h5 c6 41. bxc6 Qxc6+ 42. Kh2 Qd5 43. Qg6+ Kf8 44. h6 gxh6 45. Qxh6+ Ke7 46. Qg7+ Kd6 47.
Qf8+ Kc6 48. Qc8+ Kb5 49. g4 Qf3 50. Qd7+ Kc5 51. Qe7+ Kb5 52. Qd7+ Kc5 53. Qc7+ Kb5 54. Qg3 Qf7 55. g5 Qh5+ 56. Kg2 Qg6 57. Qe5+ Kc4 58. Qf6 Qe4+ 59. Kg3 Qd3+ 60. Kg4 Qe4+ 61. Qf4 1-0

[Event "*** Qualifier 1: Titled Tuesday 3|2 Blitz"]
[Site "Chess.com"]
[Date "2017.04.04"]
[Round "1"]
[White "GrigorGrigorov"]
[Black "MagnusSeinFanboy"]
[Result "1-0"]
[WhiteElo "2523"]
[BlackElo "2218"]
[TimeControl "180+2"]
[EndTime "13:10:20 PDT"]
[Termination "GrigorGrigorov won by checkmate"]

1. d4 d5 2. c4 e6 3. Nc3 Bb4 4.
Qa4+ Nc6 5. e3 Nf6 6. Bd2 O-O 7.
Nf3 a6 8. Qc2 dxc4 9. Bxc4 Bd6 10. a3 e5 11. d5 Ne7 12. e4 c6 13. dxc6 Nxc6 14. h3 h6 15. O-O b5 16. Ba2 Bb7 17. Be3 Rc8 18. Rad1 Qe7 19. Nh4 Nd4 20.
Bxd4 exd4 21. Ng6 Qc7 22. Rxd4 Rfd8 23. Rfd1 Bh2+ 24. Kh1 Rxd4 25. Rxd4 Be5 26. Nxe5 Qxe5 27. Qd3 Re8 28. f3 Nh5 29. Rd7 Re7 30. Qd6 Qxd6 31. Rxd6 Nf4 32. Kh2 Rc7 33. h4 Kf8 34. Kg3 Nh5+ 35.
Kf2 Nf6 36. Ke3 Ke7 37. Rd4 h5 38. Bb3 Ba8 39. g3 Bb7 40. e5 Nd7 41. f4 Nc5 42. Bd5 Bc8 43. Bf3 Be6 44. f5 Bb3 45. Bxh5 Nd7 46.
Kf4 Nb6 47. Be2 Bc4 48. Bxc4 Rxc4 49. Ke4 Rc7 50. g4 Ke8 51. g5 Nc4 52. Nd5 Rc5 53. f6 gxf6 54. exf6 Nxb2 55. h5 Rc1 56. h6 Re1+ 57.
Kf3 Rf1+ 58. Ke2 Rg1 59. Nc7+ Kf8 60. Rd8# 1-0

[Event "*** Qualifier 1: Titled Tuesday 3|2 Blitz"]
[Site "Chess.com"]
[Date "2017.04.04"]
[Round "1"]
[White "chipmunknau"]
[Black "kereswasbest"]
[Result "1/2-1/2"]
[WhiteElo "2413"]
[BlackElo "2090"]
[TimeControl "180+2"]
[EndTime "13:10:30 PDT"]
[Termination "Game drawn - insufficient material"]

1. Nf3 Nf6 2. g3 g6 3. Bg2 Bg7 4. O-O d5 5. d4 O-O 6. c4 c6 7. Nc3 Bf5 8. Qb3 Qb6 9. c5 Qxb3 10. axb3 Nbd7 11. b4 a6 12. Nd2 Rfe8 13. Nb3 Ne4 14. Nxe4 Bxe4 15. f3 Bc2 16. Na5 Rab8 17. e3 e5 18. Rf2 Bd3 19. Rd2 Bb5 20. Kf2 exd4 21. exd4 Re7 22. Bf1 Bxf1 23. Kxf1 Nf8 24. Rd1 Rbe8 25.
Bg5 Rd7 26. Kf2 Ne6 27. Be3 Rde7 28. Ra3 f5 29. Rad3 h6 30. Bc1 Nd8 31. Re3 Kf7 32.
Rxe7+ Rxe7 33. Bf4 g5 34. Bd6 Re6 35. Bc7 Ke8 36.
Bxd8 Kxd8 37. Nxb7+ Kc7 38. Nd6 f4 39. Nf5 Bf8 40. gxf4 gxf4 41. Rg1 Rf6 42. Nh4 Rf7 43. Rg8 Bg7 44. Nf5 Bf8 45. Nd6 Bxd6 46. cxd6+ Kxd6 47. Rg6+ Kc7 48. Rxh6 Kb6 49. h4 Kb5 50. h5 Rf5 51.
Kg2 Rg5+ 52. Kf2 Rf5 53. Rh8 Kxb4 54. h6 Rh5 55. Rf8 Rxh6 56. Rxf4 Rh2+ 57. Kg3 Rxb2 58. Rf6 Kb5 59. Kf4 a5 60. Ke5 a4 61. Rf8 Kc4 62.
Rc8 Re2+ 63. Kd6 Kxd4 64. Rxc6 a3 65. Ra6 a2 66. Ra4+ Ke3 67. Kxd5 Kxf3 68. Ra3+ Kf2 69. Kc4 Ke1 70. Kb3 Kd1 71. Rxa2 Rxa2 72. Kxa2 1/2-1/2

[Event "*** Qualifier 1: Titled Tuesday 3|2 Blitz"]
[Site "Chess.com"]
[Date "2017.04.04"]
[Round "1"]
[White "Wolverine_master"]
[Black "larso"]
[Result "0-1"]
[WhiteElo "1986"]
[BlackElo "2384"]
[TimeControl "180+2"]
[EndTime "13:10:44 PDT"]
[Termination "larso won by checkmate"]

1. e4 c5 2. Nf3 d6 3. d4 cxd4 4.
Nxd4 Nf6 5. Nc3 g6 6. g3 Bg7 7. Bg2 O-O 8. O-O Bd7 9. h3 Nc6 10.
Nde2 Rc8 11. Be3 Qa5 12. Rc1 b5 13. a3 b4 14. axb4 Qxb4 15. Nd5 Qb7 16. b3 Rfe8 17. Nd4 a5 18. c4 Rb8 19. Nb5 Nb4 20. Nxf6+ exf6 21.
Nxd6 Qc7 22. Nxe8 Rxe8 23. c5 Bb5 24. Qd6 Qc8 25. Rfd1 f5 26. exf5 Qxf5 27. Bd4 Bh6 28. Re1 Bxc1 29. Rxc1 Nd3 30. Rd1 a4 31. b4 a3 32. c6 a2 33. Qd7 Qxd7 34. cxd7 Rd8 35. Ra1 Rxd7 36. Be3 Bc4 37. Bf1 Rb7 38. Bc5 Rd7 39. b5 h5 40. b6 Rb7 41. Bg2 Nxc5 42.
Bxb7 Nxb7 43. Kg2 Kf8 44. Kf3 Ke7 45. Ke3 Kd6 46. Kd4 Bd5 47. f4 Kc6 48. f5 Nd6 49. fxg6 fxg6 50. Ke5 Nc4+ 51. Kf6 Ne3 52. Kxg6 Kxb6 53.
Kxh5 Kc5 54. g4 Kd4 55. Rxa2 Bxa2 56. g5 Ke5 57. g6 Kf6 58. Kh6 Nf5+ 59. Kh7 Bb1 60.
h4 Ng7 61. h5 Nxh5 62. Kh6 Ng7 63. Kh7 Bxg6+ 64. Kg8 Ne6 65. Kh8 Ng5 66. Kg8 Nf7 67.
Kf8 Bh7 68. Ke8 Ke6 69. Kf8 Kf6 70. Ke8 Ne5 71. Kf8 Nd7+ 72. Ke8 Ke6 73. Kd8 Kd6 74. Ke8 Bg6+ 75. Kd8 Bf7 76. Kc8 Nc5 77. Kd8 Nb7+ 78. Kc8 Kc6 79. Kb8 Kb6 80. Kc8 Be6+ 81. Kb8 Na5 82. Ka8 Bc8 83. Kb8 Ba6 84. Ka8 Bb7+ 85. Kb8 Nc6# 0-1

[Event "*** Qualifier 1: Titled Tuesday 3|2 Blitz"]
[Site "Chess.com"]
[Date "2017.04.04"]
[Round "1"]
[White "Tirantes"]
[Black "rasmussvane"]
[Result "0-1"]
[WhiteElo "2206"]
[BlackElo "2514"]
[TimeControl "180+2"]
[EndTime "13:11:00 PDT"]
[Termination "rasmussvane won by resignation"]

1. c4 e6 2. g3 d5 3. Bg2 a6 4.
cxd5 exd5 5. Nf3 Nf6 6. O-O Bd6 7. b3 O-O 8. Bb2 Re8 9. d3 a5 10. a3 Na6 11. Nbd2 c6 12. e3 Bf5 13. d4 h6 14.
Re1 Bh7 15. Ne5 Nc7 16. Ndf3 Qe7 17. Nd3 Nb5 18. a4 Nc7 19. Rc1 Ne4 20. Qe2 Bg6 21. Nh4 Bh7 22. Bh3 Ng5 23. Bg2 Be4 24. f3 Bh7 25.
Ne5 Na6 26. f4 Ne4 27. f5 Nf6 28. Bh3 Rad8 29. Ng2 Nb8 30. Nf4 Nbd7 31. Nfd3 Ne4 32. g4 Ndf6 33. Bg2 Rc8 34. Rf1 b5 35. h4 Nd7 36. Qe1 bxa4 37. bxa4 c5 38. Bxe4 dxe4 39. Nxd7 exd3 40. Ne5 Bxe5 41. dxe5 Qd7 42. Qc3 d2 43. Rcd1 Qxa4 44. Rxd2 Qb4 45. Rc1 Qxg4+ 46. Rg2 Qxf5 47.
e6 f6 48. Qxf6 Qxf6 49. Bxf6 Rc7 50. e7 Kf7 51. Rxg7+ Kxf6 52. Rxh7 Rexe7 53. Rxh6+ Ke5 54. Rh5+ Kd6 55. Rh6+ Kd5 56. Rh5+ Kd6 57. Rh6+ Re6 58. Rh5 Rxe3 59. Rd1+ Kc6 60. Rc1 Kb5 61. Rb1+ Kc4 62.
Ra1 Kb4 63. Rg5 a4 64. h5 a3 65. h6 Rh3 66. Rb1+ Kc3 67. Rc1+ Kb2 68. Rcxc5 Rxc5 69. Rxc5 a2 70. Rb5+ Rb3 71. Ra5 a1=Q+ 72. Rxa1 Kxa1 73. Kf2 Rh3 74. Kg2 Rxh6 75. Kg3 Kb2 76. Kg4 Kc3 77. Kg5 Rd6 0-1

[Event "*** Qualifier 1: Titled Tuesday 3|2 Blitz"]
[Site "Chess.com"]
[Date "2017.04.04"]
[Round "1"]
[White "DryCounty"]
[Black "Fiona"]
[Result "0-1"]
[WhiteElo "2476"]
[BlackElo "2288"]
[TimeControl "180+2"]
[EndTime "13:11:12 PDT"]
[Termination "Fiona won by checkmate"]

1. Nf3 d5 2. g3 Nf6 3. Bg2 e6 4.
O-O Be7 5. b3 O-O 6. c4 c5 7. e3 Nc6 8. Bb2 Re8 9. Nc3 Bf8 10. d4 b6 11. Rc1 Bb7 12. cxd5 exd5 13. dxc5 bxc5 14. Na4 Ne4 15. Nd2 Qa5 16. Nxe4 dxe4 17.
Qc2 Nb4 18. Qc3 Rac8 19. Rfd1 Nc6 20. Qxa5 Nxa5 21. Rd7 Re7 22. Rcd1 Bc6 23. Rxe7 Bxe7 24. Nc3 f5 25. Nd5 Bf8 26. Bc3 Nb7 27. Bh3 Nd6 28. Be5 g6 29. Bxd6 Bxd6 30. Nf6+ Kf7 31. Rxd6 Ke7 32.
Rxc6 Rxc6 33. Nxh7 Ra6 34. Bf1 Rxa2 35. h4 Rb2 36. Bc4 a5 37. Ng5 Rc2 38. g4 a4 39.
Bg8 a3 40. b4 cxb4 41. gxf5 gxf5 42. h5 Rc8 43. Bb3 Ra8 44. h6 Kf6 45. Ne6 Kg6 46. Nd4 a2 47. Bxa2 Rxa2 48. h7 Ra8 49. Kg2 Rh8 50.
Kg3 Rxh7 51. Kf4 Rb7 52. Nb3 Kf6 53. Nc5 Rb5 54. Nb3 Rb8 55. Nc5 Ke7 56. Nb3 Kd6 57. Kxf5 Kd5 58. Kf4 Kc4 59. Nd2+ Kd3 60. Nxe4 b3 61.
Nc5+ Kc4 62. Nxb3 Rxb3 63. Ke5 Rb5+ 64. Ke6 Kd3 65. f4 Kxe3 66. f5 Rb6+ 67. Ke7 Ke4 68. f6 Ke5 69. f7 Rb7+ 70. Ke8 Ke6 71. f8=Q Rb8# 0-1

[Event "*** Qualifier 1: Titled Tuesday 3|2 Blitz"]
[Site "Chess.com"]
[Date "2017.04.04"]
[Round "1"]
[White "platy3"]
[Black "oggy1984"]
[Result "1-0"]
[WhiteElo "2609"]
[BlackElo "2299"]
[TimeControl "180+2"]
[EndTime "13:11:30 PDT"]
[Termination "platy3 won on time"]

1. e4 c5 2. Nf3 Nc6 3. Bb5 g6 4.
c3 Bg7 5. d4 cxd4 6. cxd4 a6 7.
Ba4 b5 8. Bb3 Bb7 9. O-O Na5 10.
Bc2 Nf6 11. Re1 O-O 12. Bg5 Rc8 13. Nbd2 Nc4 14. Nxc4 Rxc4 15. Bd3 Rc8 16. Qd2 d5 17. Bxf6 Bxf6 18. e5 Bg7 19. Rac1 Qd7 20. Qb4 Rxc1 21. Rxc1 Rc8 22. Rxc8+ Bxc8 23. Nd2 f6 24. f4 fxe5 25. fxe5 Qa7 26. Kf1 Bh6 27. Nb3 Qc7 28. a4 bxa4 29. Qxa4 Kg7 30. Qe8 Be3 31.
Ke2 Bg1 32. h3 a5 33. Kf1 Be3 34. Ke2 Bg1 35. Qa4 Qb6 36. Kf1 Be3 37. Ke2 Bg1 38. Qb5 Bxd4 39. Qxd5 Bg1 40. Nd2 Qe3+ 41. Kd1 Bf2 42.
Bc4 Qe1+ 43. Kc2 Bf5+ 44. Kb3 Qd1+ 45. Ka3 Be3 46. Nb3 Qb1 47. Qf7+ Kh6 48. g4 Bc2 49.
h4 g5 50. Qh5+ Kg7 51. Qf7+ Kh6 52. hxg5+ Kxg5 53. Qxe7+ Kf4 54. Qf6+ Kg3 55. e6 Bxb3 56. Bxb3 Bc5+ 57. Ka4 Qe4+ 58. Kb5 Qb4+ 59. Kc6 Qb6+ 60.
Kd5 Qd6+ 61. Kc4 Be3 62. Qc3 Qc5+ 63. Kd3 Qxc3+ 64. bxc3 Bc5 65. Bd1 Kf4 66. Kc4 Be7 67.
Kd5 Ke3 68. c4 Kd2 69. Ba4 Kc3 70. c5 Kb4 71. c6 1-0

[Event "*** Qualifier 1: Titled Tuesday 3|2 Blitz"]
[Site "Chess.com"]
[Date "2017.04.04"]
[Round "1"]
[White "jposthuma"]
[Black "SmoothAsAHedgehog"]
[Result "1-0"]
[WhiteElo "2245"]
[BlackElo "2525"]
[TimeControl "180+2"]
[EndTime "13:11:41 PDT"]
[Termination "jposthuma won by checkmate"]

1. b3 e5 2. Bb2 Nc6 3. e3 Nf6 4.
Bb5 Bd6 5. Na3 Na5 6. Nc4 Nxc4 7.
Bxc4 O-O 8. d4 e4 9. Ne2 c6 10. Ng3 Bc7 11. d5 b5 12. Bxf6 Qxf6 13. Nxe4 Qg6 14. Bd3 Qxg2 15. Kd2 Qg6 16. Rg1 Qh6 17. Qg4 d6 18. Qg5 Qxg5 19. Nxg5 g6 20. dxc6 b4 21. Ne4 Kg7 22. a3 d5 23. Nc5 bxa3 24. Rxa3 Bxh2 25. Rh1 Bd6 26. Ra5 Bc7 27. Raa1 Bb6 28. Na4 Bc7 29.
Rag1 Be6 30. Nc5 Rfe8 31. f3 Bb6 32. Na4 Rec8 33. Nxb6 axb6 34. Bb5 Ra5 35. c4 dxc4 36. bxc4 Rd8+ 37. Kc3 Ra3+ 38. Kb4 Rxe3 39. Ba6 Rdd3 40. Rb1 Bf5 41. Rhe1 Rxf3 42. c7 Rd4 43. Rbc1 Rdd3 44. Kb5 Bd7+ 45. Kxb6 Rb3+ 46. Kc5 Rf5+ 47. Kd4 Rf4+ 48.
Ke5 g5 49. c8=Q Bxc8 50. Bxc8 Rb8 51. Bh3 Rd8 52. Rg1 f6+ 53. Ke6 Re4+ 54. Kf5 Re5+ 55.
Kg4 Rd4+ 56. Kg3 Re3+ 57. Kh2 h5 58. c5 g4 59. Bg2 Rd7 60. c6 Rc7 61. Rgd1 Ree7 62.
Rd6 Kg6 63. Rf1 Rf7 64. Bd5 Rf8 65. Rd7 Rfc8 66. Rd6 Rf8 67. Be4+ Kg5 68. Rf5+ Kh4 69. Rdxf6 Re8 70. Rf4 Re5 71. R6f5 Re6 72. Rc5 Rd6 73.
Bd5 Kg5 74. Rd4 Kh4 75. Bf7 Rxd4 76. Rxh5# 1-0

[Event "*** Qualifier 1: Titled Tuesday 3|2 Blitz"]
[Site "Chess.com"]
[Date "2017.04.04"]
[Round "1"]
[White "Boryboy"]
[Black "Alexander_Donchenko"]
[Result "1-0"]
[WhiteElo "2302"]
[BlackElo "2578"]
[TimeControl "180+2"]
[EndTime "13:11:42 PDT"]
[Termination "Boryboy won by resignation"]

1. e4 c5 2. Nf3 d6 3. Nc3 Nf6 4.
a3 g6 5. b4 Bg7 6. Rb1 b6 7.
Bb5+ Nbd7 8. bxc5 dxc5 9. e5 Ng4 10. e6 fxe6 11. Ng5 Nxf2 12. Kxf2 O-O+ 13. Ke1 Ne5 14. Qe2 Qd4 15. Nce4 a6 16. Bb2 Qd5 17. Bxe5 Qxe5 18. Bc6 Rb8 19. Rf1 Rxf1+ 20. Qxf1 Bf6 21. Nf3 Qf4 22. Qc4 Kg7 23. Qe2 Qc7 24. Nxf6 exf6 25. Be4 Bd7 26. c3 b5 27. Qe3 Rd8 28. Kf2 e5 29. h4 f5 30. Bc2 e4 31. Ng5 Qh2 32. Nh3 f4 33. Nxf4 Rf8 34. Bxe4 Rxf4+ 35. Bf3 Qxh4+ 36.
Kg1 Rf5 37. Re1 Qf4 38. Qe7+ Rf7 39. Qxc5 Qxd2 40. Qe5+ Kh6 41. Rd1 Qg5 42. Qe2 Kg7 43. Rd5 Qf6 44. Qd2 Be6 45. Rd6 Qe5 46. Rxa6 Rxf3 47.
gxf3 Qg3+ 48. Qg2 Qe1+ 49. Qf1 Qg3+ 50. Qg2 Qe1+ 51. Qf1 Qe5 52. Ra7+ Kh6 53. Qc1+ g5 54. Qd2 Qg3+ 55. Qg2 Qe1+ 56. Qf1 Qg3+ 57. Qg2 Qe1+ 58. Kh2 Qe5+ 59. Qg3 Qe2+ 60. Kg1 Qd1+ 61.
Kg2 Qd2+ 62. Qf2 Qxc3 63. Ra6 Qe5 64. Qb6 Qe2+ 65. Kg3 Qe1+ 66. Kg2 Qe2+ 67. Kg1 Qe1+ 68. Kh2 Qe2+ 69. Kg1 Qe1+ 70. Kg2 Qe2+ 71. Qf2 Qe5 72.
Qd2 Kh5 73. Ra7 Bf5 74. Qd1 Qb2+ 75. Kg3 Qc3 76. Qh1+ Kg6 77. Qxh7+ Kf6 78. Qg7+ Ke6 79. Qxc3 1-0

[Event "*** Qualifier 1: Titled Tuesday 3|2 Blitz"]
[Site "Chess.com"]
[Date "2017.04.04"]
[Round "1"]
[White "GeorgMeier"]
[Black "RichardLeyvaP"]
[Result "1/2-1/2"]
[WhiteElo "2725"]
[BlackElo "2359"]
[TimeControl "180+2"]
[EndTime "13:11:58 PDT"]
[Termination "Game drawn - insufficient material"]

1. Nf3 Nf6 2. g3 g6 3. Bg2 Bg7 4. O-O O-O 5. d4 c6 6. b3 a5 7. a4 d5 8. Nbd2 Bf5 9. Ba3 Ne4 10. e3 Nxd2 11. Nxd2 Nd7 12. c4 Nf6 13. Rc1 Re8 14.
Qe2 h5 15. Rfd1 Qd7 16. cxd5 cxd5 17. Bf1 Bg4 18. f3 Bh3 19. Qb5 Bxf1 20. Qxd7 Nxd7 21. Kxf1 Rac8 22. Rxc8 Rxc8 23. Bxe7 Re8 24. Bg5 f6 25. Bf4 g5 26. Bc7 Rxe3 27. Kf2 Rc3 28. Bxa5 Rc2 29. Ke2 Nb8 30. Kd3 Ra2 31. Bc3 Nc6 32. Ra1 Rxa1 33.
Bxa1 g4 34. fxg4 hxg4 35. Nf1 Bh6 36. Bc3 Kf7 37. b4 Ke6 38. b5 Ne7 39. Bd2 Bg7 40.
Bf4 f5 41. Ne3 Nc8 42. Bc7 Bf8 43. a5 Bb4 44. a6 bxa6 45. bxa6 Be1 46. Bb8 Bf2 47.
Ng2 Bg1 48. Nf4+ Kd7 49. Nxd5 Bxh2 50. a7 Nxa7 51. Bxa7 Bxg3 52. Ne3 Ke6 53. d5+ Kf6 54. Bd4+ Kg5 55. Nc4 f4 56. Be5 Kf5 57. Bc7 Bh4 58.
d6 Ke6 59. Ke4 f3 60. Ne3 Bg3 61. Nxg4 Bxd6 62. Bb6 f2 63. Nxf2 Be7 64. Nd3 Kd7 65.
Kd5 Bd6 66. Ba5 Ke7 67. Bc3 Kd7 68. Nf2 Be7 69. Ne4 Bh4 70. Be5 Be7 71. Bg3 Bb4 72. Nf6+ Ke7 73. Be5 Kf7 74. Ne4 Be7 75. Bd4 Kg6 76.
Ke6 Bh4 77. Be3 Be1 78. Bf4 Bb4 79. Ng3 Be1 80. Nf5 Bf2 81. Ne7+ Kg7 82. Be5+ Kh6 83. Kf5 Kh7 84. Bf6 Bc5 85. Nc6 Bf8 86. Ne5 Bg7 87.
Ng4 Bxf6 88. Nxf6+ 1/2-1/2